Knights vs Thunder

Created - December 26, 2018 at 19:08

Goals
1 2 3 OT1 T
Knights 0 1 1 0 2
Thunder 0 0 2 1 3
Shots
1 2 3 OT1 T
Knights 9 9 7 0 25
Thunder 8 5 16 1 30

1st period

No Goal

Penalties :
Zach Redmond (TRO) for Tripping (Minor) at 4:04, Josh Morrissey (Lon) for Tripping (Minor) at 7:47, Valentin Zykov (Lon) for Hooking (Minor) at 12:53

2nd period

1. Knights , Michael Raffl 21 (Miro Aaltonen 24) at 12:04

Penalties :
Gianluca Curcuruto (TRO) for Slashing (Minor) at 16:20

3rd period

2. Thunder , Dany Roussin 10 (Scott Parse 32) at 4:03
3. Knights , Pavel Buchnevich 23 (Noel Acciari 32, Jaccob Slavin 19) at 9:44 (PP)
4. Thunder , Ryan Nugent-Hopkins 10 (Scott Parse 33, Thomas Spelling 8) at 13:25 (PP)

Penalties :
Joey Ryan (TRO) for Interference (Minor) at 5:09, Jamie McGinn (TRO) for Hooking (Minor) at 8:54, Josh Morrissey (Lon) for Hooking (Minor) at 13:20, Tom Wilson (Lon) for Holding Stick (Minor) at 19:36

Overtime #1

5. Thunder , Trevor Lewis 9 (Ryan Nugent-Hopkins 15, Dany Roussin 12) at 3:10

Penalties :
No Penalty

Goalie Stats

Ben Scrivens (Lon), 27 saves from 30 shots - (0.900), OTL, 13-5-3, 63:10 minutes
Niklas Treutle (TRO), 23 saves from 25 shots - (0.920), W, 4-4-1, 63:10 minutes

Players Stats for Knights

Player Name              G  A  P  +/- PIM S  H  SB GA TA FO     MP     PP MP  PK MP  
------------------------------------------------------------------------------------
Brendan Gaunce           0  0  0   0  0   3  0  0  0  0  2/7    10:27   0:00   0:15 
Collin Miller            0  0  0  -1  0   0  0  0  0  1  0/0    12:36   0:00   0:07 
Jaccob Slavin            0  1  1   0  0   0  1  2  2  0  0/0    24:18   3:50   1:50 
Jared Spurgeon           0  0  0   1  0   1  2  0  2  1  0/0    27:40   3:50   2:14 
Jordan Martinook         0  0  0   0  0   2  3  0  0  0  1/2    16:04   2:44   0:00 
Josh Bailey              0  0  0   0  0   2  5  0  1  1  1/1    16:13   2:44   0:00 
Josh Morrissey           0  0  0  -1  4   0  1  0  0  1  0/0    12:44   0:00   0:36 
Linden Vey               0  0  0  -1  0   1  0  1  0  0  4/8    16:07   0:04   3:31 
Michael Matheson         0  0  0  -1  0   0  2  0  0  0  0/0    22:45   2:57   3:05 
Michael Raffl            1  0  1   0  0   3  2  3  2  2  0/3    24:14   3:57   4:08 
Miro Aaltonen            0  1  1   0  0   2  0  0  1  0  11/21  18:28   2:44   0:00 
Nicolas Petan            0  0  0   0  0   0  0  0  0  0  2/3     8:08   0:00   0:00 
Noel Acciari             0  1  1   0  0   3  2  1  1  1  12/17  18:50   3:59   1:22 
Pavel Buchnevich         1  0  1   0  0   3  0  0  1  0  0/0    19:36   3:59   0:00 
Scott Wilson             0  0  0  -1  0   3  3  0  0  1  0/0    11:59   0:03   0:24 
Tom Wilson               0  0  0   0  2   2  1  0  0  0  1/2    11:41   0:07   0:48 
Tomas Kundratek          0  0  0   0  0   0  0  2  0  0  0/0    26:30   2:57   4:12 
Valentin Zykov           0  0  0   0  2   0  0  0  0  0  0/0     8:14   0:00   0:00 

Players Stats for Thunder

Player Name              G  A  P  +/- PIM S  H  SB GA TA FO     MP     PP MP  PK MP  
------------------------------------------------------------------------------------
Adam Clendening          0  0  0   2  0   0  0  0  0  0  0/0    10:41   0:00   0:00 
Austin Wuthrich          0  0  0   0  0   0  1  1  0  0  0/0    15:49   1:34   0:00 
Dany Roussin             1  1  2   1  0   2  1  0  2  0  1/1    24:46   1:42   3:08 
David Wolf               0  0  0   0  0   0  0  0  0  0  0/0    13:02   0:00   1:38 
Eric Karlsson            0  0  0   0  0   1  0  0  0  0  0/0     9:25   0:08   0:52 
Gianluca Curcuruto       0  0  0   0  2   0  0  1  0  0  0/0     5:44   0:00   0:40 
Jake Muzzin              0  0  0   0  0   0  2  0  0  3  0/0    22:27   1:23   3:22 
Jamie McGinn             0  0  0   1  2   1  1  0  0  0  0/0     7:47   0:00   0:00 
Joe Labate               0  0  0   0  0   1  2  0  0  0  2/4    10:16   0:00   0:00 
Joey Ryan                0  0  0  -1  2   2  2  3  1  2  0/0    29:06   3:03   2:25 
Mikko Vainonen           0  0  0   2  0   0  0  0  0  0  0/0    12:09   0:00   1:28 
Nikolay Prokhorkin       0  0  0   0  0   0  0  0  0  0  0/0     2:14   0:00   0:00 
Peter Andersson          0  0  0   0  0   1  0  0  0  1  0/0    22:27   1:23   3:22 
Ryan Nugent-Hopkins      1  1  2   0  0   5  0  1  0  1  12/29  22:13   2:44   2:38 
Scott Parse              0  2  2  -1  0   7  3  1  2  2  4/7    28:33   2:44   3:31 
Thomas Spelling          0  1  1  -1  0   2  0  0  2  0  0/1    18:45   2:44   0:00 
Trevor Lewis             1  0  1   1  0   5  0  0  1  0  9/19   18:34   1:42   1:46 
Zach Redmond             0  0  0  -1  2   3  0  1  0  1  0/0    23:57   3:03   2:17 
Zach Stepan              0  0  0   1  0   0  0  0  0  0  2/3     7:54   0:00   0:01 

3 Stars

1 - Dany Roussin (TRO)
2 - Ryan Nugent-Hopkins (TRO)
3 - Trevor Lewis (TRO)

Power Play

Knights - 1 on 4 Attempt(s) - 25.00%
Thunder - 1 on 4 Attempt(s) - 25.00%

Penalty Kill

Knights - 3 on 4 Attempt(s) - 75.00% - Score 0 goal in Penalty Kill
Thunder - 3 on 4 Attempt(s) - 75.00% - Score 0 goal in Penalty Kill

Team Stat

Knights - Hits : 22 - Faceoff Wins : 34 - Blocked Shots : 9 - Penalty Minutes : 8
Thunder - Hits : 12 - Faceoff Wins : 30 - Blocked Shots : 8 - Penalty Minutes : 8

Official

Referees : Unknown
Linesman : Unknown

Game Notes

No Game Note

Finance

Level 1 -- Attendance: 1575 (78.75%) -- Ticket Income $63,000
Level 2 -- Attendance: 824 (82.40%) -- Ticket Income $16,480
Total Attendance: 2399 (79.97%)
Total Ticket Income: $79,480
Other Income: $3,974
Total Income: $83,454

Knights

5 vs 5 Forward 
   Center                   Left Wing                Right Wing               Time % Phy DF OF 
 1 Miro Aaltonen            Michael Raffl            Pavel Buchnevich         38     1   2  2  
 2 Noel Acciari             Jordan Martinook         Josh Bailey              33     1   2  2  
 3 Brendan Gaunce           Scott Wilson             Linden Vey               16     1   2  2  
 4 Nicolas Petan            Valentin Zykov           Tom Wilson               13     1   2  2  

5 vs 5 Defense 
   Defense                  Defense                                           Time % Phy DF OF 
 1 Jared Spurgeon           Tomas Kundratek                                   40     1   2  2  
 2 Michael Matheson         Jaccob Slavin                                     30     1   1  3  
 3 Josh Morrissey           Collin Miller                                     20     1   2  2  
 4 Jared Spurgeon           Jaccob Slavin                                     10     1   2  2  

PowerPlay Forward 
   Center                   Left Wing                Right Wing               Time % Phy DF OF 
 1 Noel Acciari             Michael Raffl            Pavel Buchnevich         60     1   1  3  
 2 Miro Aaltonen            Jordan Martinook         Josh Bailey              40     1   1  3  

PowerPlay Defense
   Defense                  Defense                                           Time % Phy DF OF 
 1 Jaccob Slavin            Jared Spurgeon                                    60     0   1  4  
 2 Michael Matheson         Tomas Kundratek                                   40     0   1  4  

Penalty Kill 4 Players Forward 
   Center                   Wing                     Time % Phy DF OF 
 1 Linden Vey               Michael Raffl            60     1   3  1  
 2 Noel Acciari             Tom Wilson               40     1   3  1  

Penalty Kill 4 Players Defense
   Defense                  Defense                  Time % Phy DF OF 
 1 Michael Matheson         Tomas Kundratek          60     1   3  1  
 2 Jared Spurgeon           Jaccob Slavin            40     1   3  1  

Penalty Kill - 3 Players Forward 
   Forward                                           Time % Phy DF OF 
 1 Michael Raffl                                     60     0   4  1  
 2 Linden Vey                                        40     0   4  1  

Penalty Kill - 3 Players Defense
   Defense                  Defense                  Time % Phy DF OF 
 1 Tomas Kundratek          Jared Spurgeon           60     1   3  1  
 2 Jaccob Slavin            Josh Morrissey           40     1   3  1  

4 vs 4 Forward 
   Center                   Wing                     Time % Phy DF OF 
 1 Noel Acciari             Michael Raffl            60     1   2  2  
 2 Miro Aaltonen            Pavel Buchnevich         40     1   2  2  

4 vs 4 Defense
   Defense                  Defense                  Time % Phy DF OF 
 1 Jared Spurgeon           Jaccob Slavin            60     1   2  2  
 2 Michael Matheson         Tomas Kundratek          40     1   2  2  

Last Minutes Offensive
   Center                   Left Wing                Right Wing               Defense                  Defense                  
   Miro Aaltonen            Michael Raffl            Pavel Buchnevich         Jared Spurgeon           Jaccob Slavin            

Last Minutes Defensive
   Center                   Left Wing                Right Wing               Defense                  Defense                  
   Noel Acciari             Michael Raffl            Josh Bailey              Tomas Kundratek          Jared Spurgeon           

Goaltenders
Starting : Ben Scrivens             
Backup : Magnus Hellberg          

Extra Forwards
Normal : Tom Wilson, Linden Vey, Michael Raffl - PP : Tom Wilson, Michael Raffl - PK : Michael Raffl
Extra Defensemen
Normal : Jaccob Slavin, Jared Spurgeon, Michael Matheson - PP : Jaccob Slavin - PK : Jaccob Slavin, Jared Spurgeon
Penalty Shots
Michael Raffl, Noel Acciari, Pavel Buchnevich, Tom Wilson, Linden Vey

Scratches
Zach Nastasiuk (Healthy), Cody Bass (Healthy), Alan Quine (Healthy), Matt Puempel (Healthy), David Shields (Healthy)
Matthew Benning (Healthy), Matt Grzelcyk (Healthy), Trevor Moore (Healthy), Curtis Valk (Healthy), Anthony Louis (Healthy)
Ludwig Bystrom (Healthy), Brett Connolly (Healthy), Travis Boyd (Healthy), Zach Trotman (Healthy), Anton Blidh (Healthy)
A.J. Jenks (Healthy), Connor Knapp (Healthy), Eamon McAdam (Healthy), Philippe Desrosiers (Healthy), Ville Husso (Healthy)

Thunder

5 vs 5 Forward 
   Center                   Left Wing                Right Wing               Time % Phy DF OF 
 1 Ryan Nugent-Hopkins      Scott Parse              Thomas Spelling          40     1   2  2  
 2 Trevor Lewis             Dany Roussin             Austin Wuthrich          30     1   2  2  
 3 Joe Labate               David Wolf               Scott Parse              20     1   2  2  
 4 Zach Stepan              Jamie McGinn             Dany Roussin             10     1   2  2  

5 vs 5 Defense 
   Defense                  Defense                                           Time % Phy DF OF 
 1 Joey Ryan                Zach Redmond                                      40     1   2  2  
 2 Jake Muzzin              Peter Andersson                                   30     1   2  2  
 3 Adam Clendening          Mikko Vainonen                                    20     1   2  2  
 4 Gianluca Curcuruto       Joey Ryan                                         10     1   2  2  

PowerPlay Forward 
   Center                   Left Wing                Right Wing               Time % Phy DF OF 
 1 Ryan Nugent-Hopkins      Scott Parse              Thomas Spelling          60     1   2  2  
 2 Trevor Lewis             Dany Roussin             Austin Wuthrich          40     1   2  2  

PowerPlay Defense
   Defense                  Defense                                           Time % Phy DF OF 
 1 Joey Ryan                Zach Redmond                                      60     1   2  2  
 2 Jake Muzzin              Peter Andersson                                   40     1   2  2  

Penalty Kill 4 Players Forward 
   Center                   Wing                     Time % Phy DF OF 
 1 Scott Parse              Dany Roussin             60     1   2  2  
 2 Ryan Nugent-Hopkins      Trevor Lewis             40     1   2  2  

Penalty Kill 4 Players Defense
   Defense                  Defense                  Time % Phy DF OF 
 1 Joey Ryan                Zach Redmond             60     1   2  2  
 2 Jake Muzzin              Peter Andersson          40     1   2  2  

Penalty Kill - 3 Players Forward 
   Forward                                           Time % Phy DF OF 
 1 Scott Parse                                       60     1   2  2  
 2 Dany Roussin                                      40     1   2  2  

Penalty Kill - 3 Players Defense
   Defense                  Defense                  Time % Phy DF OF 
 1 Joey Ryan                Zach Redmond             60     1   2  2  
 2 Jake Muzzin              Peter Andersson          40     1   2  2  

4 vs 4 Forward 
   Center                   Wing                     Time % Phy DF OF 
 1 Scott Parse              Dany Roussin             60     1   2  2  
 2 Ryan Nugent-Hopkins      Trevor Lewis             40     1   2  2  

4 vs 4 Defense
   Defense                  Defense                  Time % Phy DF OF 
 1 Joey Ryan                Zach Redmond             60     1   2  2  
 2 Jake Muzzin              Peter Andersson          40     1   2  2  

Last Minutes Offensive
   Center                   Left Wing                Right Wing               Defense                  Defense                  
   Ryan Nugent-Hopkins      Scott Parse              Thomas Spelling          Joey Ryan                Zach Redmond             

Last Minutes Defensive
   Center                   Left Wing                Right Wing               Defense                  Defense                  
   Ryan Nugent-Hopkins      Scott Parse              Thomas Spelling          Joey Ryan                Zach Redmond             

Goaltenders
Starting : Niklas Treutle           
Backup : Devan Dubnyk             

Extra Forwards
Normal : Eric Karlsson, Nikolay Prokhorkin, David Wolf - PP : Eric Karlsson, Nikolay Prokhorkin - PK : David Wolf
Extra Defensemen
Normal : Adam Clendening, Mikko Vainonen, Gianluca Curcuruto - PP : Adam Clendening - PK : Mikko Vainonen, Gianluca Curcuruto
Penalty Shots
Scott Parse, Dany Roussin, Ryan Nugent-Hopkins, Trevor Lewis, David Wolf

Scratches
Duncan Siemens (Healthy), Jared Staal (Groin Injury)

% Time on Ice - Knights

Lines # - Real PCT - Wanted PCT - Time Play
Normal Forward
1 - 36% - 38% - 17:34
2 - 27% - 33% - 13:20
3 - 20% - 16% - 9:45
4 - 17% - 13% - 8:08
Normal Defense
1 - 38% - 40% - 18:36
2 - 32% - 30% - 15:37
3 - 24% - 20% - 11:55
4 - 5% - 10% - 2:39
PP Forward
1 - 60% - 60% - 4:03
2 - 40% - 40% - 2:44
PP Defense
1 - 57% - 60% - 3:50
2 - 43% - 40% - 2:57
PK Forward
1 - 82% - 60% - 3:38
2 - 18% - 40% - 0:48
PK Defense
1 - 72% - 60% - 3:12
2 - 28% - 40% - 1:14
PK3 Forward
1 - 80% - 60% - 1:17
2 - 20% - 40% - 0:19
PK3 Defense
1 - 63% - 60% - 1:00
2 - 38% - 40% - 0:36
44 Forward
1 - 74% - 60% - 1:10
2 - 26% - 40% - 0:24
44 Defense
1 - 82% - 60% - 1:17
2 - 18% - 40% - 0:17
Last Minute Offensive  - 0:00
Last Minute Defensive  - 0:00
Total
Forward - 63:10
Defense - 63:10

% Time on Ice - Thunder

Lines # - Real PCT - Wanted PCT - Time Play
Normal Forward
1 - 34% - 40% - 16:26
2 - 29% - 30% - 14:17
3 - 21% - 20% - 10:16
4 - 16% - 10% - 7:48
Normal Defense
1 - 35% - 40% - 17:17
2 - 34% - 30% - 16:22
3 - 21% - 20% - 10:19
4 - 10% - 10% - 4:49
PP Forward
1 - 62% - 60% - 2:44
2 - 38% - 40% - 1:42
PP Defense
1 - 69% - 60% - 3:03
2 - 31% - 40% - 1:23
PK Forward
1 - 74% - 60% - 5:01
2 - 26% - 40% - 1:46
PK Defense
1 - 50% - 60% - 3:25
2 - 50% - 40% - 3:22
PK3 Forward
1 - 0% - 60%
2 - 0% - 40%
PK3 Defense
1 - 0% - 60%
2 - 0% - 40%
44 Forward
1 - 74% - 60% - 2:21
2 - 26% - 40% - 0:49
44 Defense
1 - 52% - 60% - 1:39
2 - 48% - 40% - 1:31
Last Minute Offensive  - 0:00
Last Minute Defensive  - 0:00
Total
Forward - 63:10
Defense - 63:10

Play by Play

1st period


0:01 of 1st period - Scott Parse wins face-off versus Miro Aaltonen in neutral zone.
0:14 of 1st period - Snap shot by Scott Parse.
0:14 of 1st period - Stopped by Ben Scrivens with a rebound.
0:16 of 1st period - Snap shot by Scott Parse.
0:16 of 1st period - Shot Misses the Net.
0:51 of 1st period - Wrist shot by Scott Parse.
0:51 of 1st period - Shot Misses the Net.
1:07 of 1st period - Snap shot by Dany Roussin.
1:07 of 1st period - Stopped by Ben Scrivens with a rebound.
1:13 of 1st period - Tom Wilson is hit by Dany Roussin and loses puck.
1:53 of 1st period - Snap shot by Scott Wilson.
1:53 of 1st period - Stopped by Niklas Treutle without a rebound.
1:54 of 1st period - Ryan Nugent-Hopkins wins face-off versus Brendan Gaunce in Thunder zone.
2:26 of 1st period - Jared Spurgeon is hit by Scott Parse and loses puck.
3:58 of 1st period - Slapshot by Michael Raffl.
3:58 of 1st period - Shot Misses the Net.
4:04 of 1st period - Minor Penalty to Zach Redmond for Tripping.
4:05 of 1st period - Noel Acciari wins face-off versus Scott Parse in Thunder zone.
4:06 of 1st period - Slapshot by Michael Raffl.
4:06 of 1st period - Stopped by Niklas Treutle without a rebound.
4:07 of 1st period - Noel Acciari wins face-off versus Scott Parse in Thunder zone.
4:08 of 1st period - Slapshot by Michael Raffl.
4:08 of 1st period - Shot Misses the Net.
4:36 of 1st period - Ryan Nugent-Hopkins is hit by Josh Bailey and loses puck.
5:09 of 1st period - Jake Muzzin is hit by Noel Acciari and loses puck.
6:04 of 1st period - Penalty to Zach Redmond is over, Zach Redmond is back on ice.
6:18 of 1st period - Off-side.
6:19 of 1st period - Zach Stepan wins face-off versus Nicolas Petan in neutral zone.
6:44 of 1st period - Josh Morrissey is hit by Joe Labate and loses puck.
7:11 of 1st period - Tomas Kundratek is hit by Scott Parse and loses puck.
7:37 of 1st period - Snap shot by Tom Wilson.
7:37 of 1st period - Shot Blocked by Zach Redmond.
7:47 of 1st period - Minor Penalty to Josh Morrissey for Tripping.
7:48 of 1st period - Ryan Nugent-Hopkins wins face-off versus Linden Vey in Knights zone.
7:55 of 1st period - Snap shot by Ryan Nugent-Hopkins.
7:55 of 1st period - Shot Blocked by Michael Raffl.
7:57 of 1st period - Wrist shot by Scott Parse.
7:57 of 1st period - Deflect By Ryan Nugent-Hopkins.
7:57 of 1st period - Shot Blocked by Tomas Kundratek.
7:57 of 1st period - Puck is out of play.
7:58 of 1st period - Linden Vey wins face-off versus Ryan Nugent-Hopkins in Knights zone.
7:58 of 1st period - Linden Vey is hit by Joey Ryan.
8:30 of 1st period - Snap shot by Ryan Nugent-Hopkins.
8:30 of 1st period - Shot Blocked by Noel Acciari.
8:32 of 1st period - Snap shot by Thomas Spelling.
8:32 of 1st period - Stopped by Ben Scrivens without a rebound.
8:33 of 1st period - Noel Acciari wins face-off versus Trevor Lewis in Knights zone.
8:41 of 1st period - Off-side.
8:42 of 1st period - Linden Vey wins face-off versus Trevor Lewis in neutral zone.
8:55 of 1st period - Snap shot by Trevor Lewis.
8:55 of 1st period - Stopped by Ben Scrivens without a rebound.
8:56 of 1st period - Linden Vey wins face-off versus Ryan Nugent-Hopkins in Knights zone.
9:05 of 1st period - Snap shot by Scott Parse.
9:05 of 1st period - Stopped by Ben Scrivens without a rebound.
9:06 of 1st period - Linden Vey wins face-off versus Ryan Nugent-Hopkins in Knights zone.
9:47 of 1st period - Penalty to Josh Morrissey is over, Josh Morrissey is back on ice.
9:55 of 1st period - Slapshot by Scott Parse.
9:55 of 1st period - Shot Blocked by Tomas Kundratek.
9:59 of 1st period - Snap shot by Ryan Nugent-Hopkins.
9:59 of 1st period - Stopped by Ben Scrivens with a rebound.
10:01 of 1st period - Wrist shot by Scott Parse.
10:01 of 1st period - Stopped by Ben Scrivens without a rebound.
10:02 of 1st period - Noel Acciari wins face-off versus Trevor Lewis in Knights zone.
10:42 of 1st period - Jaccob Slavin is hit by Jamie McGinn and loses puck.
11:07 of 1st period - Snap shot by Eric Karlsson.
11:07 of 1st period - Stopped by Ben Scrivens without a rebound.
11:08 of 1st period - Noel Acciari wins face-off versus Trevor Lewis in Knights zone.
11:12 of 1st period - Off-side.
11:13 of 1st period - Miro Aaltonen wins face-off versus Ryan Nugent-Hopkins in neutral zone.
11:20 of 1st period - Joey Ryan is hit by Michael Raffl and loses puck.
11:29 of 1st period - Snap shot by Michael Raffl.
11:29 of 1st period - Shot Misses the Net.
11:43 of 1st period - Snap shot by Noel Acciari.
11:43 of 1st period - Stopped by Niklas Treutle without a rebound.
11:44 of 1st period - Noel Acciari wins face-off versus Trevor Lewis in Thunder zone.
11:45 of 1st period - Snap shot by Josh Bailey.
11:45 of 1st period - Stopped by Niklas Treutle without a rebound.
11:46 of 1st period - Scott Parse wins face-off versus Jordan Martinook in Thunder zone.
11:46 of 1st period - Scott Parse is hit by Josh Bailey.
12:53 of 1st period - Minor Penalty to Valentin Zykov for Hooking.
12:54 of 1st period - Ryan Nugent-Hopkins wins face-off versus Linden Vey in Knights zone.
14:53 of 1st period - Penalty to Valentin Zykov is over, Valentin Zykov is back on ice.
15:21 of 1st period - Icing by Zach Stepan.
15:22 of 1st period - Josh Bailey wins face-off versus Zach Stepan in Thunder zone.
15:23 of 1st period - Wrist shot by Jordan Martinook.
15:23 of 1st period - Stopped by Niklas Treutle with a rebound.
15:37 of 1st period - Snap shot by Josh Bailey.
15:37 of 1st period - Shot Misses the Net.
15:51 of 1st period - Wrist shot by Scott Parse.
15:51 of 1st period - Shot Misses the Net.
16:55 of 1st period - Wrist shot by Miro Aaltonen.
16:55 of 1st period - Shot Blocked by Scott Parse.
17:03 of 1st period - Slapshot by Miro Aaltonen.
17:03 of 1st period - Stopped by Niklas Treutle without a rebound.
17:04 of 1st period - Noel Acciari wins face-off versus Trevor Lewis in Thunder zone.
17:05 of 1st period - Slapshot by Josh Bailey.
17:05 of 1st period - Stopped by Niklas Treutle without a rebound.
17:06 of 1st period - Noel Acciari wins face-off versus Trevor Lewis in Thunder zone.
17:11 of 1st period - Slapshot by Noel Acciari.
17:11 of 1st period - Shot Misses the Net.
17:39 of 1st period - Snap shot by Pavel Buchnevich.
17:39 of 1st period - Stopped by Niklas Treutle with a rebound.
17:59 of 1st period - Snap shot by Brendan Gaunce.
17:59 of 1st period - Shot Misses the Net.
18:28 of 1st period - Icing by Jake Muzzin.
18:29 of 1st period - Trevor Lewis wins face-off versus Noel Acciari in Thunder zone.
18:40 of 1st period - Slapshot by Noel Acciari.
18:40 of 1st period - Deflect By Josh Bailey.
18:40 of 1st period - Shot Misses the Net.
18:40 of 1st period - Puck is out of play.
18:41 of 1st period - Miro Aaltonen wins face-off versus Ryan Nugent-Hopkins in Thunder zone.
18:56 of 1st period - Slapshot by Michael Raffl.
18:56 of 1st period - Shot Misses the Net.
19:52 of 1st period - Snap shot by Miro Aaltonen.
19:52 of 1st period - Stopped by Niklas Treutle without a rebound.
19:53 of 1st period - Jordan Martinook wins face-off versus Joe Labate in Thunder zone.
19:54 of 1st period - Wrist shot by Josh Bailey.
19:54 of 1st period - Shot Misses the Net.
Goals for this period are 0 for Knights vs 0 for Thunder.
Shots for this period are 9 for Knights vs 8 for Thunder.

2nd period


0:01 of 2nd period - Ryan Nugent-Hopkins wins face-off versus Miro Aaltonen in neutral zone.
1:31 of 2nd period - Wrist shot by Miro Aaltonen.
1:31 of 2nd period - Shot Misses the Net.
1:57 of 2nd period - Snap shot by Brendan Gaunce.
1:57 of 2nd period - Stopped by Niklas Treutle without a rebound.
1:58 of 2nd period - Brendan Gaunce wins face-off versus Ryan Nugent-Hopkins in Thunder zone.
1:59 of 2nd period - Snap shot by Linden Vey.
1:59 of 2nd period - Shot Misses the Net.
2:01 of 2nd period - Wrist shot by Scott Wilson.
2:01 of 2nd period - Shot Hit the Post.
3:15 of 2nd period - Wrist shot by Brendan Gaunce.
3:15 of 2nd period - Stopped by Niklas Treutle with a rebound.
4:02 of 2nd period - Snap shot by Jamie McGinn.
4:02 of 2nd period - Stopped by Ben Scrivens without a rebound.
4:03 of 2nd period - Miro Aaltonen wins face-off versus Thomas Spelling in Knights zone.
5:19 of 2nd period - Wrist shot by Trevor Lewis.
5:19 of 2nd period - Shot Misses the Net.
5:21 of 2nd period - Snap shot by Zach Redmond.
5:21 of 2nd period - Deflect By Trevor Lewis.
5:21 of 2nd period - Stopped by Ben Scrivens with a rebound.
5:55 of 2nd period - Michael Matheson is hit by Jake Muzzin and loses puck.
7:08 of 2nd period - David Wolf is hit by Jordan Martinook.
7:12 of 2nd period - Joe Labate is hit by Josh Bailey and loses puck.
7:25 of 2nd period - Michael Matheson is hit by Jake Muzzin and loses puck.
9:31 of 2nd period - Slapshot by Michael Raffl.
9:31 of 2nd period - Deflect By Pavel Buchnevich.
9:31 of 2nd period - Shot Misses the Net.
9:31 of 2nd period - Puck is out of play.
9:32 of 2nd period - Miro Aaltonen wins face-off versus Ryan Nugent-Hopkins in Thunder zone.
9:33 of 2nd period - Snap shot by Michael Raffl.
9:33 of 2nd period - Stopped by Niklas Treutle with a rebound.
10:04 of 2nd period - Scott Parse is hit by Jared Spurgeon and loses puck.
10:21 of 2nd period - Zach Redmond is hit by Josh Bailey and loses puck.
10:33 of 2nd period - Icing by Tomas Kundratek.
10:34 of 2nd period - Ryan Nugent-Hopkins wins face-off versus Brendan Gaunce in Knights zone.
10:37 of 2nd period - Wrist shot by Ryan Nugent-Hopkins.
10:37 of 2nd period - Stopped by Ben Scrivens without a rebound.
10:38 of 2nd period - Ryan Nugent-Hopkins wins face-off versus Brendan Gaunce in Knights zone.
10:46 of 2nd period - Off-side.
10:47 of 2nd period - Ryan Nugent-Hopkins wins face-off versus Miro Aaltonen in neutral zone.
11:21 of 2nd period - Slapshot by Trevor Lewis.
11:21 of 2nd period - Stopped by Ben Scrivens without a rebound.
11:22 of 2nd period - Ryan Nugent-Hopkins wins face-off versus Miro Aaltonen in Knights zone.
11:33 of 2nd period - Wrist shot by Scott Parse.
11:33 of 2nd period - Shot Misses the Net.
11:36 of 2nd period - Icing by Jared Spurgeon.
11:37 of 2nd period - Trevor Lewis wins face-off versus Miro Aaltonen in Knights zone.
12:00 of 2nd period - Backhand shot by Miro Aaltonen.
12:00 of 2nd period - Shot Misses the Net.
12:02 of 2nd period - Snap shot by Miro Aaltonen.
12:02 of 2nd period - Shot Blocked by Joey Ryan.
12:04 of 2nd period - Snap shot by Michael Raffl.
12:04 of 2nd period - Goal by Michael Raffl - Knights : 1 - Thunder : 0.
12:05 of 2nd period - Miro Aaltonen wins face-off versus Ryan Nugent-Hopkins in neutral zone.
12:07 of 2nd period - Off-side.
12:08 of 2nd period - Miro Aaltonen wins face-off versus Ryan Nugent-Hopkins in neutral zone.
12:55 of 2nd period - Snap shot by Tom Wilson.
12:55 of 2nd period - Stopped by Niklas Treutle without a rebound.
12:56 of 2nd period - Nicolas Petan wins face-off versus Ryan Nugent-Hopkins in Thunder zone.
13:39 of 2nd period - Wrist shot by Scott Parse.
13:39 of 2nd period - Shot Misses the Net.
13:41 of 2nd period - Slapshot by Thomas Spelling.
13:41 of 2nd period - Shot Blocked by Jaccob Slavin.
13:43 of 2nd period - Wrist shot by Thomas Spelling.
13:43 of 2nd period - Shot Blocked by Michael Raffl.
13:45 of 2nd period - Slapshot by Peter Andersson.
13:45 of 2nd period - Stopped by Ben Scrivens with a rebound.
13:47 of 2nd period - Wrist shot by Scott Parse.
13:47 of 2nd period - Deflect By Jaccob Slavin.
13:47 of 2nd period - Shot Misses the Net.
13:47 of 2nd period - Puck is out of play.
13:48 of 2nd period - Trevor Lewis wins face-off versus Miro Aaltonen in Knights zone.
13:57 of 2nd period - Miro Aaltonen is hit by Austin Wuthrich and loses puck.
15:21 of 2nd period - Snap shot by Brendan Gaunce.
15:21 of 2nd period - Deflect By Scott Wilson.
15:21 of 2nd period - Stopped by Niklas Treutle with a rebound.
15:23 of 2nd period - Snap shot by Scott Wilson.
15:23 of 2nd period - Shot Misses the Net.
15:33 of 2nd period - Eric Karlsson is hit by Tom Wilson and loses puck.
15:38 of 2nd period - Wrist shot by Tom Wilson.
15:38 of 2nd period - Shot Blocked by Gianluca Curcuruto.
15:40 of 2nd period - Slapshot by Jared Spurgeon.
15:40 of 2nd period - Deflect By Thomas Spelling.
15:40 of 2nd period - Stopped by Niklas Treutle with a rebound.
15:44 of 2nd period - Backhand shot by Valentin Zykov.
15:44 of 2nd period - Shot Misses the Net.
15:46 of 2nd period - Snap shot by Valentin Zykov.
15:46 of 2nd period - Shot Blocked by Ryan Nugent-Hopkins.
16:20 of 2nd period - Minor Penalty to Gianluca Curcuruto for Slashing.
16:21 of 2nd period - Noel Acciari wins face-off versus Scott Parse in Thunder zone.
16:55 of 2nd period - Dany Roussin is hit by Michael Matheson and loses puck.
17:31 of 2nd period - David Wolf is hit by Jordan Martinook and loses puck.
18:20 of 2nd period - Penalty to Gianluca Curcuruto is over, Gianluca Curcuruto is back on ice.
18:20 of 2nd period - Slapshot by Linden Vey.
18:20 of 2nd period - Stopped by Niklas Treutle without a rebound.
18:21 of 2nd period - Joe Labate wins face-off versus Tom Wilson in Thunder zone.
18:32 of 2nd period - Snap shot by Joe Labate.
18:32 of 2nd period - Shot Blocked by Linden Vey.
18:53 of 2nd period - Slapshot by Linden Vey.
18:53 of 2nd period - Shot Misses the Net.
19:27 of 2nd period - Snap shot by Joe Labate.
19:27 of 2nd period - Shot Misses the Net.
19:49 of 2nd period - Snap shot by Tom Wilson.
19:49 of 2nd period - Stopped by Niklas Treutle without a rebound.
19:50 of 2nd period - Noel Acciari wins face-off versus Trevor Lewis in Thunder zone.
Goals for this period are 1 for Knights vs 0 for Thunder.
Shots for this period are 9 for Knights vs 5 for Thunder.

3rd period


0:01 of 3rd period - Noel Acciari wins face-off versus Ryan Nugent-Hopkins in neutral zone.
0:12 of 3rd period - Backhand shot by Josh Bailey.
0:12 of 3rd period - Shot Blocked by Joey Ryan.
0:56 of 3rd period - Snap shot by Scott Parse.
0:56 of 3rd period - Shot Misses the Net.
1:08 of 3rd period - Dany Roussin is hit by Michael Matheson and loses puck.
2:03 of 3rd period - Snap shot by Tom Wilson.
2:03 of 3rd period - Shot Misses the Net.
2:46 of 3rd period - Slapshot by Joey Ryan.
2:46 of 3rd period - Stopped by Ben Scrivens with a rebound.
2:48 of 3rd period - Snap shot by Trevor Lewis.
2:48 of 3rd period - Stopped by Ben Scrivens with a rebound.
2:50 of 3rd period - Snap shot by Austin Wuthrich.
2:50 of 3rd period - Shot Misses the Net.
3:52 of 3rd period - Linden Vey is hit by Joe Labate and loses puck.
4:03 of 3rd period - Slapshot by Dany Roussin.
4:03 of 3rd period - Goal by Dany Roussin - Knights : 1 - Thunder : 1.
4:04 of 3rd period - Noel Acciari wins face-off versus Ryan Nugent-Hopkins in neutral zone.
4:07 of 3rd period - Backhand shot by Tomas Kundratek.
4:07 of 3rd period - Deflect By Josh Bailey.
4:07 of 3rd period - Shot Misses the Net.
4:07 of 3rd period - Puck is out of play.
4:08 of 3rd period - Ryan Nugent-Hopkins wins face-off versus Noel Acciari in Thunder zone.
4:22 of 3rd period - Off-side.
4:23 of 3rd period - Miro Aaltonen wins face-off versus Trevor Lewis in neutral zone.
4:26 of 3rd period - Snap shot by Jared Spurgeon.
4:26 of 3rd period - Shot Misses the Net.
5:09 of 3rd period - Minor Penalty to Joey Ryan for Interference.
5:10 of 3rd period - Dany Roussin wins face-off versus Michael Raffl in Thunder zone.
5:27 of 3rd period - Peter Andersson is hit by Jaccob Slavin and loses puck.
5:34 of 3rd period - Slapshot by Miro Aaltonen.
5:34 of 3rd period - Shot Misses the Net.
5:44 of 3rd period - Jake Muzzin is hit by Jordan Martinook.
7:09 of 3rd period - Penalty to Joey Ryan is over, Joey Ryan is back on ice.
7:13 of 3rd period - Snap shot by Ryan Nugent-Hopkins.
7:13 of 3rd period - Deflect By Joey Ryan.
7:13 of 3rd period - Shot Blocked by Michael Raffl.
7:13 of 3rd period - Puck is out of play.
7:14 of 3rd period - Tom Wilson wins face-off versus Trevor Lewis in Knights zone.
7:21 of 3rd period - Austin Wuthrich is hit by Jared Spurgeon and loses puck.
7:34 of 3rd period - Snap shot by Scott Parse.
7:34 of 3rd period - Shot Misses the Net.
7:52 of 3rd period - Snap shot by Tom Wilson.
7:52 of 3rd period - Shot Misses the Net.
8:34 of 3rd period - Snap shot by Miro Aaltonen.
8:34 of 3rd period - Deflect By Michael Raffl.
8:34 of 3rd period - Shot Misses the Net.
8:34 of 3rd period - Puck is out of play.
8:35 of 3rd period - Zach Stepan wins face-off versus Miro Aaltonen in Thunder zone.
8:54 of 3rd period - Minor Penalty to Jamie McGinn for Hooking.
8:55 of 3rd period - Scott Parse wins face-off versus Noel Acciari in Thunder zone.
9:14 of 3rd period - Scott Parse is hit by Michael Raffl.
9:44 of 3rd period - Snap shot by Pavel Buchnevich.
9:44 of 3rd period - Goal by Pavel Buchnevich - Knights : 2 - Thunder : 1.
9:45 of 3rd period - Brendan Gaunce wins face-off versus Ryan Nugent-Hopkins in neutral zone.
9:48 of 3rd period - Backhand shot by Scott Wilson.
9:48 of 3rd period - Shot Misses the Net.
9:58 of 3rd period - Snap shot by Scott Parse.
9:58 of 3rd period - Stopped by Ben Scrivens with a rebound.
10:00 of 3rd period - Snap shot by Ryan Nugent-Hopkins.
10:00 of 3rd period - Stopped by Ben Scrivens with a rebound.
11:09 of 3rd period - Slapshot by Scott Parse.
11:09 of 3rd period - Shot Blocked by Jaccob Slavin.
11:11 of 3rd period - Wrist shot by Zach Redmond.
11:11 of 3rd period - Stopped by Ben Scrivens without a rebound.
11:12 of 3rd period - Joe Labate wins face-off versus Brendan Gaunce in Knights zone.
11:56 of 3rd period - Backhand shot by Miro Aaltonen.
11:56 of 3rd period - Deflect By Pavel Buchnevich.
11:56 of 3rd period - Stopped by Niklas Treutle with a rebound.
13:05 of 3rd period - Wrist shot by Joe Labate.
13:05 of 3rd period - Shot Misses the Net.
13:11 of 3rd period - Snap shot by Joe Labate.
13:11 of 3rd period - Stopped by Ben Scrivens without a rebound.
13:12 of 3rd period - Trevor Lewis wins face-off versus Miro Aaltonen in Knights zone.
13:20 of 3rd period - Minor Penalty to Josh Morrissey for Hooking.
13:21 of 3rd period - Ryan Nugent-Hopkins wins face-off versus Linden Vey in Knights zone.
13:21 of 3rd period - Snap shot by Thomas Spelling.
13:21 of 3rd period - Stopped by Ben Scrivens with a rebound.
13:25 of 3rd period - Slapshot by Ryan Nugent-Hopkins.
13:25 of 3rd period - Goal by Ryan Nugent-Hopkins - Knights : 2 - Thunder : 2.
13:26 of 3rd period - Ryan Nugent-Hopkins wins face-off versus Michael Raffl in neutral zone.
13:37 of 3rd period - Wrist shot by Miro Aaltonen.
13:37 of 3rd period - Shot Blocked by Joey Ryan.
13:58 of 3rd period - Snap shot by Jordan Martinook.
13:58 of 3rd period - Shot Misses the Net.
14:00 of 3rd period - Wrist shot by Noel Acciari.
14:00 of 3rd period - Stopped by Niklas Treutle without a rebound.
14:01 of 3rd period - Trevor Lewis wins face-off versus Noel Acciari in Thunder zone.
14:14 of 3rd period - Wrist shot by Dany Roussin.
14:14 of 3rd period - Shot Misses the Net.
14:20 of 3rd period - Peter Andersson is hit by Josh Bailey and loses puck.
14:25 of 3rd period - Snap shot by Noel Acciari.
14:25 of 3rd period - Shot Blocked by Austin Wuthrich.
14:37 of 3rd period - Snap shot by Noel Acciari.
14:37 of 3rd period - Stopped by Niklas Treutle with a rebound.
14:43 of 3rd period - Snap shot by Jordan Martinook.
14:43 of 3rd period - Stopped by Niklas Treutle without a rebound.
14:44 of 3rd period - Miro Aaltonen wins face-off versus Ryan Nugent-Hopkins in Thunder zone.
14:49 of 3rd period - Slapshot by Zach Redmond.
14:49 of 3rd period - Stopped by Ben Scrivens without a rebound.
14:50 of 3rd period - Miro Aaltonen wins face-off versus Ryan Nugent-Hopkins in Knights zone.
14:50 of 3rd period - Miro Aaltonen is hit by Scott Parse.
14:55 of 3rd period - Off-side.
14:56 of 3rd period - Ryan Nugent-Hopkins wins face-off versus Miro Aaltonen in neutral zone.
15:01 of 3rd period - Slapshot by Zach Redmond.
15:01 of 3rd period - Shot Misses the Net.
15:03 of 3rd period - Snap shot by Thomas Spelling.
15:03 of 3rd period - Deflect By Scott Parse.
15:03 of 3rd period - Shot Misses the Net.
15:03 of 3rd period - Puck is out of play.
15:04 of 3rd period - Miro Aaltonen wins face-off versus Ryan Nugent-Hopkins in Knights zone.
15:47 of 3rd period - Wrist shot by Scott Parse.
15:47 of 3rd period - Stopped by Ben Scrivens with a rebound.
15:49 of 3rd period - Slapshot by Ryan Nugent-Hopkins.
15:49 of 3rd period - Shot Misses the Net.
15:51 of 3rd period - Snap shot by Ryan Nugent-Hopkins.
15:51 of 3rd period - Stopped by Ben Scrivens with a rebound.
15:53 of 3rd period - Slapshot by Joey Ryan.
15:53 of 3rd period - Stopped by Ben Scrivens with a rebound.
15:55 of 3rd period - Snap shot by Scott Parse.
15:55 of 3rd period - Stopped by Ben Scrivens without a rebound.
15:56 of 3rd period - Trevor Lewis wins face-off versus Brendan Gaunce in Knights zone.
16:03 of 3rd period - Trevor Lewis is hit by Scott Wilson and loses puck.
16:18 of 3rd period - Icing by Jake Muzzin.
16:19 of 3rd period - Trevor Lewis wins face-off versus Noel Acciari in Thunder zone.
16:35 of 3rd period - Zach Redmond is hit by Scott Wilson and loses puck.
17:09 of 3rd period - Off-side.
17:10 of 3rd period - Trevor Lewis wins face-off versus Miro Aaltonen in neutral zone.
17:47 of 3rd period - Icing by Jaccob Slavin.
17:48 of 3rd period - Nicolas Petan wins face-off versus Ryan Nugent-Hopkins in Knights zone.
17:55 of 3rd period - Slapshot by Scott Parse.
17:55 of 3rd period - Stopped by Ben Scrivens with a rebound.
17:57 of 3rd period - Slapshot by Zach Redmond.
17:57 of 3rd period - Stopped by Ben Scrivens with a rebound.
18:20 of 3rd period - Snap shot by Scott Wilson.
18:20 of 3rd period - Stopped by Niklas Treutle without a rebound.
18:21 of 3rd period - Miro Aaltonen wins face-off versus Joe Labate in Thunder zone.
18:32 of 3rd period - Wrist shot by Michael Raffl.
18:32 of 3rd period - Shot Misses the Net.
18:46 of 3rd period - Jake Muzzin is hit by Scott Wilson and loses puck.
18:51 of 3rd period - Wrist shot by Brendan Gaunce.
18:51 of 3rd period - Stopped by Niklas Treutle with a rebound.
19:36 of 3rd period - Minor Penalty to Tom Wilson for Holding Stick.
19:37 of 3rd period - Trevor Lewis wins face-off versus Linden Vey in Knights zone.
Goals for this period are 1 for Knights vs 2 for Thunder.
Shots for this period are 7 for Knights vs 16 for Thunder.

Overtime #1


0:01 of 1st overtime period - Scott Parse wins face-off versus Michael Raffl in neutral zone.
0:10 of 1st overtime period - Wrist shot by Dany Roussin.
0:10 of 1st overtime period - Shot Misses the Net.
0:12 of 1st overtime period - Slapshot by Zach Redmond.
0:12 of 1st overtime period - Shot Misses the Net.
0:46 of 1st overtime period - Ryan Nugent-Hopkins is hit by Josh Morrissey and loses puck.
1:23 of 1st overtime period - Zach Redmond is hit by Noel Acciari.
1:36 of 1st overtime period - Penalty to Tom Wilson is over, Tom Wilson is back on ice.
1:37 of 1st overtime period - Jared Spurgeon is hit by Joey Ryan and loses puck.
3:10 of 1st overtime period - Snap shot by Trevor Lewis.
3:10 of 1st overtime period - Goal by Trevor Lewis - Knights : 2 - Thunder : 3.
Goals for this period are 0 for Knights vs 1 for Thunder.
Shots for this period are 0 for Knights vs 1 for Thunder.